 Dungeon Crawl Stone Soup version 0.30-a0-719-gcc4359ea44 (webtiles) character file.

Game seed: 9399719618124636367

44 browni3141 the Shield-Bearer (level 3, -5/20 HPs)
             Began as a Vine Stalker Fighter on Jan 27, 2023.
             Slain by a gnoll
             ... wielding a +0 flail
              (6 damage)
             ... on level 2 of the Dungeon.
             The game lasted 00:02:10 (1315 turns).

browni3141 the Shield-Bearer (Vine Stalker Fighter) Turns: 1315, Time: 00:02:11

Health: -5/20      AC:  7    Str: 20    XL:     3   Next: 62%
Magic:  0/4        EV:  5    Int:  8    God:
Gold:   80         SH:  0    Dex: 13    Spells: 2/2 levels left

rFire   . . .      SeeInvis .      - Unarmed
rCold   . . .      Faith    .    b - +0 buckler
rNeg    . . .      Spirit   +    a - +0 scale mail
rPois   .          Reflect  .    (no helmet)
rElec   .          Harm     .    (no cloak)
rCorr   .          Rampage  .    i - +0 pair of gloves
Will    .....                    (no boots) Stlth
                                 (no amulet)
HPRegen 0.23/turn                (no ring)
MPRegen 0.09/turn                (no ring)

@: held
A: fangs 2, magic shield, antimagic bite, no potion heal 2
a: no special abilities


You were on level 2 of the Dungeon.
You visited 1 branch of the dungeon, and saw 2 of its levels.

You collected 80 gold pieces.

Inventory:

Missiles
 e - 5 javelins (quivered)
Armour
 a - a +0 scale mail (worn)
 b - a +0 buckler (worn)
 i - a +0 pair of gloves (worn)
Scrolls
 d - 2 scrolls of identify {unknown}
 f - a scroll of magic mapping {unknown}
 h - a scroll of enchant armour {unknown}
Potions
 c - 2 potions of might
 g - a potion of magic {unknown}
 j - a potion of haste {unknown}


   Skills:
 + Level 3.0 Fighting
 + Level 2.7 Armour
 + Level 3.0 Shields
 + Level 2.5 Unarmed Combat
 * Level 0.7 Invocations


You had 2 spell levels left.
You didn't know any spells.
Your spell library contained the following spells:

 Spells                   Type           Power      Damage    Failure   Level
 Necrotise                Necr           0%         1d4       86%         1
 Vampiric Draining        Necr           0%         2d6       99%         3
 Agony                    Necr           0%         N/A       100%        5


Dungeon Overview and Level Annotations

Branches:
Dungeon (2/15)

Altars:


Innate Abilities, Weirdness & Mutations

You have extremely sharp teeth.
When hurt, damage is shared between your health and your magic reserves.
Your bite disrupts and absorbs the magic of your enemies.
Potions cannot restore your health.


Message History

The gnoll attacks as you move away! You block the gnoll's attack.
The hobgoblin shouts!
You hit the gnoll. Your bite misses the gnoll.
The gnoll is lightly wounded.
The gnoll hits you but does no damage.
You hit the gnoll but do no damage. You bite the gnoll. You drain its power.
The gnoll is moderately wounded.
You hit the gnoll.
The gnoll is heavily wounded.
The gnoll closely misses you.
You barely miss the gnoll. Your bite misses the gnoll.
The gnoll is heavily wounded.
You block the gnoll's attack.
You hit the gnoll.
The gnoll is almost dead.
The gnoll closely misses you.
You hit the gnoll.
You kill the gnoll!
You barely miss the hobgoblin.
You bite the hobgoblin, but do no damage.
The hobgoblin barely misses you.
You barely miss the hobgoblin. You bite the hobgoblin. You drain its power.
The hobgoblin is moderately wounded.
The hobgoblin hits you but does no damage.
The gnoll closely misses you.
You barely miss the hobgoblin. You bite the hobgoblin.
You kill the hobgoblin!
The gnoll hits you from afar with a +0 halberd.
You closely miss the gnoll.
The gnoll hits you from afar with a +0 halberd.
The gnoll barely misses you.
You closely miss the gnoll. Your bite misses the gnoll.
The gnoll throws a throwing net.
The throwing net hits you.
You become entangled in the net!
The gnoll hits you with a +0 flail.
You tear a large gash into the net.
The gnoll hits you from afar with a +0 halberd.
The gnoll hits you with a +0 flail!
* * * LOW HITPOINT WARNING * * *
You struggle against the net.
The gnoll hits you with a +0 flail.
You die...

.....(####.####.###.#
........<#.##.......#
#####.##.#.##.#.#####
#.........#.# ##
#####.......##.. .#
#.########.####.## ##.##
###.#...... #...#
#..g.....# #<..#
#@#......# #...#
#g#......#
#...#####.#g..#..###
#..........g.......#.
........................
..............#..........
..............#.......$..
###.#...#.##..#........#.
#.#...........#...#.##


You could see 2 gnolls.

Vanquished Creatures
  An adder (D:2)
  A gnoll (D:2)
  An endoplasm (D:1)
  2 goblins (D:1)
  4 hobgoblins
  4 jackals (D:1)
  3 kobolds (D:1)
  A quokka (D:1)
  3 ball pythons
  A bat (D:1)
  A frilled lizard (D:2)
  3 rats
25 creatures vanquished.

Notes
Turn   | Place    | Note
-------+----------+-------------------------------------------
     0 | D:1      | browni3141 the Vine Stalker Fighter began the quest for the
                  | Orb.
     0 | D:1      | Reached XP level 1. HP: 11/11 MP: 2/2
   248 | D:1      | Reached XP level 2. HP: 16/16 MP: 3/3
  1277 | D:2      | Reached XP level 3. HP: 19/19 MP: 4/4
  1314 | D:2      | HP: 1/20 [gnoll/+0 flail (7)]
  1315 | D:2      | Slain by a gnoll

Illustrated notes

Levels and vault maps discovered:
D:1:      kilobyte_arrival_exit_the_forest, layout_loops_corners, serial_rivers,
          chequers_serial_rivers_micro_a, chequers_serial_rivers_micro_c,
          chequers_serial_rivers_micro_d, chequers_serial_rivers_small_a,
          chequers_serial_rivers_small_3, chequers_serial_rivers_large_b,
          minmay_misc_feat_four_crosses
D:2:      layout_loops_cross, uniq_terence

Skill      XL: |  1  2  3 |
---------------+----------+-----
Shields        | 3 |  3.0
Fighting       | 3 |  3.0
Armour         | |  2.7
Unarmed Combat | |  2.5
Invocations    | |  0.7

Action                     || total
---------------------------++-------
  Melee: Unarmed           ||    91
         Bite              ||    19
 Armour: Scale mail        ||    30
  Dodge: Dodged            ||    33
  Block: Buckler           ||    14

Table legend: (Time is in decaauts)
 A = Elapsed time spent in this place.
 B = Non-inter-level travel time spent in this place.
 C = Inter-level travel time spent in this place.
 D = Time resting spent in this place.
 E = Time spent auto-exploring this place.
 F = Levels seen in this place.
 G = Mean time per level.
                   A        B        C        D        E       F      G
               +--------+--------+--------+--------+--------+-----+--------+
         Total |   1354 |   1332 |     22 |      0 |   1124 |   2 |  677.0 |
       Dungeon |   1354 |   1332 |     22 |      0 |   1124 |   2 |  677.0 |
               +--------+--------+--------+--------+--------+-----+--------+

Top non-repeatable levels by time:
     D:1: 1194 daAuts
     D:2: 160 daAuts
